 Dungeon Sprint DCSS version 0.30-a0-881-g1ff12e1e11 (webtiles) character file.

Game seed: 10856675502634281011

115 testman the Cudgeller (level 4, -1/50 HPs)
             Began as a Troll Berserker on Mar 14, 2023.
             Was a Follower of Trog.
             Slain by Sigmund
             ... wielding a +0 scythe
              (8 damage)
             ... in the Dungeon (Sprint I: "Red Sonja").
             The game lasted 00:01:53 (115 turns).

testman the Cudgeller (Troll Berserker)              Turns: 115, Time: 00:01:54

Health: -1/50      AC:  4    Str: 27    XL:     4   Next: 68%
Magic:  3/3        EV: 10    Int:  3    God:    Trog [*.....]
Gold:   54         SH:  0    Dex:  9    Spells: 3/3 levels left

rFire   . . .      SeeInvis .    j - +0 giant club
rCold   . . .      Faith    .    (shield currently unavailable)
rNeg    . . .      Spirit   .    b - +0 animal skin
rPois   .          Reflect  .    (helmet restricted)
rElec   .          Rampage  .    (no cloak)
rCorr   .          NoTele   +    (gloves unavailable)
Will    .....                    (boots unavailable)
Stlth   +                        (no amulet)
HPRegen 1.08/turn                (no ring)
MPRegen 0.08/turn                (no ring)

@: no status effects
A: large, unfitting armour, claws 3, regeneration 1, shaggy fur 1, tough skin 1
a: Renounce Religion, Berserk


You were in the Dungeon.
You worshipped Trog.
Trog was aware of your devotion.
You visited 1 branch You collected 54 gold pieces.

Inventory:

Hand Weapons
 a - a +0 mace
 j - a +0 giant club (weapon)
Armour
 b - a +0 animal skin (worn)
Wands
 i - a wand of quicksilver (6)
Scrolls
 h - a scroll of blinking
Potions
 c - a potion of curing
 d - a potion of heal wounds
 e - a potion of haste
 f - 2 potions of magic
 g - a potion of berserk rage


   Skills:
 + Level 5.6 Fighting
 + Level 7.0 Maces & Flails
 - Level 2.4 Dodging


You had 3 spell levels left.
You didn't know any spells.
Your spell library was empty.

Dungeon Overview and Level Annotations

Branches:
Dungeon (1/1)

Altars:

Annotations:
D Sigmund


Innate Abilities, Weirdness & Mutations

You are too large for most types of armour.
You have claws for hands.
Your natural rate of healing is unusually fast.
You are covered in fur. (AC +1)
You have tough skin. (AC +1)


Message History

Found 54 gold pieces.
There is an open door here.
You now have 27 gold pieces.
You now have 54 gold pieces (gained 27).
There is an open door here.
You start waiting.
You feel yourself speed up.
You start waiting.
You recover from your berserk rage.
You open the door.
Sigmund the Dreaded comes into view.
He is wielding a +0 scythe and carrying a wand of flame (14).
Sigmund shouts!
Sigmund hits you but does no damage.
There is an open door here.
You closely miss Sigmund.
Sigmund casts a spell.
Sigmund flickers and vanishes!
Deactivating autopickup; reactivate with Ctrl-A.
Something hits you!
You miss something. You closely miss something. Something hits you.
You miss something. Something hits you!
You barely miss something.
You hear some strange, mumbled words.
A puff of flame appears from out of thin air!
The puff of flame hits you.
You closely miss something.
You hear a zap.
A puff of flame appears from out of thin air!
The puff of flame hits you! Something hits you!
* * * LOW HITPOINT WARNING * * *
You completely miss something.
Okay, then.
You miss something.
You hear a zap.
A puff of flame appears from out of thin air!
The puff of flame hits you!
* * * LOW HITPOINT WARNING * * *
Something hits you!
You die...

#############
#<.#..†..#.{+
#..)..#..'@.#
#..#####'####
#..# #..#
#..# ####
#..# #⌠⌠#
####


There were no monsters in sight!

Vanquished Creatures
  An ogre (D)
  Ijyb (D)
2 creatures vanquished.

Notes
Turn   | Place    | Note
-------+----------+-------------------------------------------
     0 | D        | testman the Troll Berserker began the quest for the Orb.
     0 | D        | Reached XP level 1. HP: 22/22 MP: 0/0
     1 | D        | Noticed Ijyb
    14 | D        | Killed Ijyb
    15 | D        | Reached skill level 4 in Maces & Flails
    15 | D        | Reached XP level 2. HP: 12/32 MP: 1/1
    53 | D        | Noticed an ogre
    59 | D        | Killed an ogre
    60 | D        | Reached skill level 5 in Fighting
    60 | D        | Reached skill level 7 in Maces & Flails
    60 | D        | Reached XP level 3. HP: 42/42 MP: 2/2
    60 | D        | Reached XP level 4. HP: 50/50 MP: 3/3
   105 | D        | Noticed Sigmund
   115 | D        | Slain by Sigmund

Illustrated notes

Levels and vault maps discovered:
D:        dungeon_sprint_1 [red_sonja_temple_1, red_sonja_temple_small_1]

Skill      XL: |  1  2 |
---------------+-------+-----
Fighting       | 4 5 |  5.6
Maces & Flails | 4 7 |  7.0
Dodging        | |  2.4

Action                     |  1- 3 |  4- 6 || total
---------------------------+-------+-------++-------
  Melee: Mace              |    17 |       ||    17
         Giant club        |       |     8 ||     8
 Invoke: Berserk           |     2 |       ||     2
 Armour: Animal skin       |     1 |     1 ||     2
  Dodge: Dodged            |     4 |       ||     4

Table legend: (Time is in decaauts)
 A = Elapsed time spent in this place.
 B = Non-inter-level travel time spent in this place.
 C = Inter-level travel time spent in this place.
 D = Time resting spent in this place.
 E = Time spent auto-exploring this place.
 F = Levels seen in this place.
 G = Mean time per level.
                   A        B        C        D        E       F      G
               +--------+--------+--------+--------+--------+-----+--------+
         Total |    138 |    138 |      0 |     84 |      0 |   1 |  138.0 |
       Dungeon |    138 |    138 |      0 |     84 |      0 |   1 |  138.0 |
               +--------+--------+--------+--------+--------+-----+--------+

Top non-repeatable levels by time:
       D: 138 daAuts
